 Dungeon Crawl Stone Soup version 0.22-a0-280-g69bf1f3 (webtiles) character file.

14177 Firecrotchwizard the Grappler (level 11, -8/117 HPs)
             Began as a Troll Monk on Mar 17, 2018.
             Was a High Priest of Okawaru.
             Mangled by a spiny frog (20 damage)
             ... on level 3 of the Lair of Beasts.
             The game lasted 00:19:31 (10763 turns).

Firecrotchwizard the Grappler (Troll Monk)         Turns: 10763, Time: 00:19:32

Health: -8/117     AC: 10    Str: 21    XL:     11   Next: 85%
Magic:  14/14      EV: 11    Int: 11    God:    Okawaru [*****.]
Gold:   678        SH:  0    Dex: 15    Spells: 10/10 levels left

rFire    + . .     SeeInvis .     - Unarmed
rCold    + + +     Gourm    +   (no shield)
rNeg     . . .     Faith    .   P - +2 robe {rC+}
rPois    +         Spirit   .   w - +2 hat
rElec    .         Reflect  .   J - +0 cloak of Coeraf {rC+}
rCorr    .         Harm     .   (gloves unavailable)
MR       .....                  (boots unavailable)
Stlth    ++........             (no amulet)
HPRegen  0.69/turn              G - ring "Worug" {rPois rF+ Int+5 Slay-3}
MPRegen  0.14/turn              l - ring of protection from cold {rC+, !d}

@: lethally poisoned (-8 -> -8)
A: large, unfitting armour, claws 3, fast metabolism 3, gourmand, regeneration
1, shaggy fur 1, tough skin 2
a: Heroism, Finesse, Renounce Religion


You were on level 3 of the Lair of Beasts.
You worshipped Okawaru.
Okawaru was extremely pleased with you.
You were not hungry.

You visited 3 branches of the dungeon, and saw 14 of its levels.

You collected 678 gold pieces.

Inventory:

Hand Weapons
 v - the +2 shortbow of Proximity {speed, rElec Dex+6, unknown}
   (You found it on level 10 of the Dungeon)

   Attacks with this weapon are significantly faster.
   It affects your dexterity (+6).
   It insulates you from electricity.
Missiles
 o - 6 large rocks (quivered) {!d}
 r - 3 throwing nets {=f, !d}
Armour
 a - a +0 robe
 w - a +2 hat (worn)
   (You found it on level 5 of the Dungeon)
 J - the +0 cloak of Coeraf (worn) {rC+}
   (You found it on level 8 of the Dungeon)

   It protects you from cold.
 P - a +2 robe of cold resistance (worn)
   (You took it off Fannar on level 2 of the Lair of Beasts)
Magical Staves
 y - an uncursed staff of power {unknown}
   (You found it on level 5 of the Dungeon)
Jewellery
 d - an uncursed ring of ice {rC+, rF-}
   (You found it on level 1 of the Dungeon)
 l - a ring of protection from cold (right claw) {rC+, !d}
   (You found it on level 10 of the Dungeon)
 G - the ring "Worug" (left claw) {rPois rF+ Int+5 Slay-3}
   (You found it on level 7 of the Dungeon)

   [ring of protection from fire]

   It affects your intelligence (+5).
   It affects your accuracy and damage with ranged weapons and melee attacks
   (-3).
   It protects you from fire.
   It protects you from poison.
 S - an uncursed amulet of guardian spirit {unknown}
   (You found it on level 3 of the Lair of Beasts)
Wands
 m - a wand of digging (12)
   (You took it off Terence on level 3 of the Dungeon)
 u - a wand of clouds (2)
   (You found it on level 10 of the Dungeon)
 z - a wand of paralysis (14)
   (You found it on level 5 of the Dungeon)
 A - a wand of iceblast (8)
   (You found it on level 6 of the Dungeon)
 D - a wand of acid (8)
   (You took it off a crimson imp on level 7 of the Dungeon)
 E - a wand of flame (23)
   (You found it on level 7 of the Dungeon)
 M - a wand of random effects (24)
   (You found it on level 9 of the Dungeon)
 O - a wand of enslavement (8)
   (You found it on level 2 of the Lair of Beasts)
Scrolls
 c - 2 scrolls of blinking {unknown}
 g - 2 scrolls of vulnerability {unknown}
 h - 7 scrolls of identify
 i - 3 scrolls of teleportation
 q - a scroll of holy word {unknown}
 t - 4 scrolls of remove curse
 B - 2 scrolls of magic mapping {unknown}
 C - 2 scrolls of enchant armour {unknown}
 F - 3 scrolls of fog {unknown}
 K - a scroll of fear {unknown}
 N - a scroll of noise {unknown}
Potions
 e - 2 potions of lignification {!q}
 f - a potion of invisibility {unknown}
 j - 6 potions of curing
 k - 2 potions of degeneration {unknown}
 n - 4 potions of agility
 p - 2 potions of resistance {unknown}
 s - a potion of might {unknown}
 x - 3 potions of brilliance {unknown}
 H - 2 potions of haste {unknown}
 I - 2 potions of heal wounds {unknown}
 Q - 3 potions of mutation {unknown}
Miscellaneous
 L - a fan of gales
   (You found it on level 9 of the Dungeon)
 R - a lamp of fire
   (You found it on level 2 of the Lair of Beasts)
Comestibles
 b - 20 rations {@e1}


   Skills:
 + Level 9.8 Fighting
 + Level 7.1 Armour
 - Level 2.4 Dodging
 - Level 1.0 Stealth
 - Level 10.7 Unarmed Combat
 + Level 6.4 Evocations


You had 10 spell levels left.
You didn't know any spells.

Dungeon Overview and Level Annotations

Branches:
Dungeon (10/15)            Temple (1/1) D:7            Lair (3/6) D:10
  Swamp (0/4) Lair:2        Snake (0/4) Lair:2
    Orc: D:9-12

Altars:
Ashenzari
Cheibriados
Dithmenos
Elyvilon
Fedhas
Gozag
Hepliaklqana
Kikubaaqudgha
Makhleb
Nemelex Xobeh
Okawaru
Qazlal
Ru
Sif Muna
Trog
Uskayaw
Vehumet
Wu Jian
Xom
Yredelemnul
Zin
The Shining One

Annotations:
D:3 1 runed door
D:7 exclusion: 2 hogs
D:8 exclusion: Erica, Erica
Lair:1 exclusion: oklob plant
Lair:3 exclusion: death yak


Innate Abilities, Weirdness & Mutations

You are too large for most types of armour.
You have claws for hands.
Your metabolism is lightning-fast.
You like to eat raw meat.
Your natural rate of healing is unusually fast.
You are covered in fur. (AC +1)
You have very tough skin. (AC +2)


Message History

You miss the killer bee.
The killer bee buzzes angrily.
Your claw misses the killer bee.
You hear an angry buzzing noise.
The killer bee stings you.
You are poisoned.
The killer bee poisons you! The killer bee closely misses you.
A killer bee comes into view.
You take 4 damage, and have 97/117 hp.
You miss the killer bee.
You feel sick. The killer bee stings you!
The killer bee moves out of view.
The killer bee stings you but does no damage. x2
A wolf comes into view.
You take 11 damage, and have 86/117 hp.
You barely miss the killer bee.
The wolf howls!
The killer bee misses you.
The killer bee stings you but does no damage. 2 killer bees come into view.
The killer bee buzzes angrily. x2
You scratch the queen bee.
You feel sick. The killer bee barely misses you.
The killer bee moves out of view.
The killer bee closely misses you.
The queen bee stings you but does no damage.
You scratch the queen bee but do no damage.
The killer bee closely misses you. The killer bee barely misses you. x2
The killer bee stings you but does no damage.
The queen bee calls on the killer bee to defend it!
The killer bee goes berserk!
You claw the queen bee! Your claw misses the queen bee.
The killer bee barely misses you.
The killer bee stings you but does no damage.
The killer bee closely misses you. The killer bee barely misses you.
You claw the queen bee!
You feel sick. The killer bee stings you.
The killer bee stings you but does no damage.
The killer bee closely misses you. x2; The queen bee closely misses you.
The killer bee stings you. The killer bee barely misses you.
You take 10 damage, and have 77/117 hp.
You scratch the queen bee.
You kill the queen bee!
Okawaru accepts your kill. The killer bee barely misses you.
The killer bee closely misses you.
The killer bee barely misses you. x2; The killer bee stings you.
The wolf barely misses you. 2 wolves come into view.
You take 3 damage, and have 74/117 hp.
As you read the scroll of teleportation, it crumbles to dust.
You feel strangely unstable.
The wolf howls!
The killer bee stings you but does no damage. x2
The killer bee barely misses you. x3; The wolf bites you!
The wolf howls!
The killer bee barely misses you.
The killer bee stings you but does no damage.
The killer bee closely misses you.
You take 8 damage, and have 66/117 hp.
You feel sick. The killer bee stings you!
The killer bee stings you but does no damage.
The killer bee stings you! The wolf bites you but does no damage.
The killer bee stings you but does no damage.
You hear an angry buzzing noise. x2
You take 19 damage, and have 47/117 hp.
Your surroundings suddenly seem different.
You hear an angry buzzing noise. x2
A porcupine and a spiny frog come into view.
You hear an angry buzzing noise.
The spiny frog moves out of view.
You hear an angry buzzing noise. x2
You feel sick.
You hear an angry buzzing noise. x2
You take 1 damage, and have 48/117 hp.
You are struck by the porcupine's spines.
The helpless porcupine fails to defend itself.
You claw the porcupine!
You hear an angry buzzing noise. x3
The spiny frog stings you!
* * * LOW HITPOINT WARNING * * *
The porcupine barely misses you.
You take 15 damage, and have 33/117 hp.
You scratch the spiny frog but do no damage.
You hear an angry buzzing noise. x2
The porcupine bites you but does no damage.
The spiny frog stings you but does no damage.
You claw the spiny frog!
You hear an angry buzzing noise.
The porcupine bites you.
* * * LOW HITPOINT WARNING * * *
The spiny frog stings you.
* * * LOW HITPOINT WARNING * * *
You hear an angry buzzing noise.
You take 8 damage, and have 25/117 hp.
You scratch the spiny frog but do no damage.
You hear an angry buzzing noise. x2
The spiny frog stings you!
* * * LOW HITPOINT WARNING * * *
The porcupine misses you.
You take 12 damage, and have 13/117 hp.
You scratch the spiny frog.
You feel sick.
You hear an angry buzzing noise.
The spiny frog stings you!!
You die...

# ###
###.##.####
#......#..#
...####..@r#
#...PF.#
#.....#...#
#......P..#
#....P.....#
..####.....#
.. ..#....
#.##....


You could see a spiny frog and a porcupine.

Vanquished Creatures
  Fannar (Lair:2)
  A hydra (Lair:2)
  2 two-headed ogres (D:9)
  Urug (D:10)
  The ghost of Firecrotchwizard the Basher, a novice TrBe of Trog (D:9)
  The ghost of strifetoe the Zephyrmancer, a novice TeAE of Kikubaaqudgha (D:7)
  A centaur zombie (D:10)
  3 spiny frogs
  3 komodo dragons
  A queen bee (Lair:3)
  A tyrant leech (Lair:2)
  4 hippogriffs
  Sigmund (D:3)
  A wyvern (D:10)
  4 yaks (Lair:1)
  A human (D:7)
  A basilisk (Lair:2)
  A steam dragon (D:10)
  A hungry ghost (D:9)
  3 water moccasins
  5 porcupines
  2 sky beasts (D:10)
  4 phantoms
  An eye of draining (D:10)
  2 orc warriors
  2 ogres
  A centaur (D:7)
  8 crocodiles
  2 big kobolds
  12 bullfrogs
  A scorpion (D:5)
  3 killer bees (Lair:3)
  10 wights
  A howler monkey (D:4)
  3 bullfrog zombies
  2 crimson imps
  A quasit (D:9)
  3 hounds
  8 orc priests
  3 centaur skeletons
  A jelly (D:10)
  2 bullfrog skeletons
  Terence (D:3)
  Natasha (thrice) (D:3)
  7 worker ants
  7 orc wizards
  A worker ant zombie (D:5)
  A howler monkey skeleton (D:6)
  9 adders
  A shadow imp (D:3)
  An ooze (D:4)
  An adder skeleton (D:4)
  An adder zombie (D:5)
  A dart slug (D:2)
  A worm (D:3)
  7 leopard geckos
  37 orcs
  7 giant cockroaches
  5 hobgoblins
  4 jackals (D:10)
  14 kobolds
  3 quokkas
  4 bats
  6 frilled lizards
  5 goblins
  A leopard gecko skeleton (D:3)
  A leopard gecko zombie (D:8)
  8 rats
247 creatures vanquished.

Vanquished Creatures (others)
  A quokka (D:7)
1 creature vanquished.

Grand Total: 248 creatures vanquished

Notes
Turn   | Place    | Note
-------+----------+-------------------------------------------
     0 | D:1      | Firecrotchwizard the Troll Monk began the quest for the Orb.
     0 | D:1      | Reached XP level 1. HP: 22/22 MP: 0/0
    80 | D:1      | Found a shattered altar of Ashenzari.
   166 | D:1      | Reached XP level 2. HP: 29/29 MP: 1/1
   704 | D:2      | HP: 7/29 [orc priest/divine providence (14)]
   706 | D:2      | Reached skill level 4 in Unarmed Combat
   706 | D:2      | Reached XP level 3. HP: 7/36 MP: 2/2
   708 | D:2      | Reached skill level 3 in Fighting
   998 | D:2      | Reached XP level 4. HP: 41/45 MP: 3/3
  1191 | D:3      | HP: 4/45 [orc priest/divine providence (15)]
  1208 | D:3      | Reached skill level 5 in Unarmed Combat
  1208 | D:3      | Reached XP level 5. HP: 20/53 MP: 4/4
  1318 | D:3      | Noticed Sigmund
  1327 | D:3      | Killed Sigmund
  1327 | D:3      | Reached skill level 4 in Fighting
  1327 | D:3      | Reached skill level 6 in Unarmed Combat
  1327 | D:3      | Reached XP level 6. HP: 62/62 MP: 5/5
  1338 | D:3      | Found a shadowy altar of Dithmenos.
  1405 | D:3      | Noticed Terence
  1410 | D:3      | Killed Terence
  1485 | D:3      | Noticed Natasha
  1492 | D:3      | Killed Natasha
  1634 | D:3      | Noticed Natasha
  1639 | D:3      | Killed Natasha
  1639 | D:3      | Reached XP level 7. HP: 70/70 MP: 6/6
  1668 | D:3      | Noticed Natasha
  1676 | D:3      | HP: 16/70 [Natasha/magic dart (6)]
  1679 | D:3      | Killed Natasha
  1976 | D:3      | Found a runed door.
  2009 | D:4      | Reached skill level 7 in Unarmed Combat
  2656 | D:5      | Entered Level 5 of the Dungeon
  2847 | D:5      | Reached skill level 8 in Unarmed Combat
  3025 | D:5      | Reached skill level 5 in Fighting
  3084 | D:5      | Reached XP level 8. HP: 80/80 MP: 7/7
  3495 | D:6      | Reached skill level 9 in Unarmed Combat
  3828 | D:6      | Found an ornate altar of the Wu Jian Council.
  3941 | D:7      | Found a burning altar of Makhleb.
  3960 | D:7      | Found a hide-covered altar of Uskayaw.
  3963 | D:7      | Noticed a dagger
  3964 | D:7      | Noticed a hand axe
  3974 | D:7      | HP: 18/83 [crimson imp/wand of acid (9) (13)]
  3974 | D:7      | HP: 3/83 [acid (15)]
  4036 | D:7      | Noticed strifetoe's ghost (novice TeAE)
  4233 | D:7      | Reached skill level 6 in Fighting
  4246 | D:7      | HP: 13/83 [strifetoe's ghost/the air (16)]
  4247 | D:7      | Killed strifetoe's ghost
  4247 | D:7      | Reached skill level 10 in Unarmed Combat
  4247 | D:7      | Reached XP level 9. HP: 14/91 MP: 8/8
  4704 | D:7      | Found a staircase to the Ecumenical Temple.
  4723 | Temple   | Entered the Ecumenical Temple
  4819 | Temple   | Became a worshipper of Warmaster Okawaru
  4819 | Temple   | Reached * piety under Okawaru
  4819 | Temple   | Reached ** piety under Okawaru
  4983 | D:7      | Got a slimy silver ring
  4984 | D:7      | Identified the ring "Worug" {rPois rF+ Int+5 Slay-3} (You found it on level 7 of the Dungeon)
  5270 | D:8      | Noticed Erica
  5343 | D:8      | Found a stormy altar of Qazlal.
  5412 | D:8      | Reached skill level 1 in Armour
  5415 | D:8      | Reached skill level 1 in Evocations
  5597 | D:8      | Reached skill level 7 in Fighting
  5601 | D:8      | Got a shimmering cloak
  5607 | D:8      | Identified the cursed +0 cloak of Coeraf {rC+} (You found it on level 8 of the Dungeon)
  5888 | D:9      | Found a hazy altar of Hepliaklqana.
  5899 | D:9      | Reached skill level 2 in Armour
  5953 | D:9      | Reached skill level 2 in Evocations
  6005 | D:9      | Noticed a two-headed ogre
  6013 | D:9      | HP: 15/93 [two-headed ogre/giant club (17)]
  6014 | D:9      | Killed a two-headed ogre
  6014 | D:9      | Reached *** piety under Okawaru
  6014 | D:9      | Reached skill level 3 in Armour
  6014 | D:9      | Reached XP level 10. HP: 16/102 MP: 7/11
  6293 | D:9      | Noticed Firecrotchwizard's ghost (novice TrBe)
  6364 | D:9      | Killed Firecrotchwizard's ghost
  6364 | D:9      | Reached skill level 3 in Evocations
  6402 | D:9      | Reached **** piety under Okawaru
  6420 | D:9      | Noticed a two-headed ogre
  6430 | D:9      | Killed a two-headed ogre
  6430 | D:9      | Reached skill level 8 in Fighting
  6430 | D:9      | Reached skill level 4 in Armour
  6881 | D:10     | Entered Level 10 of the Dungeon
  6963 | D:10     | Reached skill level 4 in Evocations
  7075 | D:10     | Reached skill level 5 in Armour
  7243 | D:10     | Reached ***** piety under Okawaru
  7393 | D:10     | Received a gift from Okawaru
  7633 | D:10     | Reached XP level 11. HP: 74/113 MP: 13/13
  7751 | D:10     | Found a staircase to the Lair.
  7760 | D:10     | Reached skill level 5 in Evocations
  7884 | D:10     | Got an encrusted shortbow
  7983 | D:10     | Noticed Urug
  7999 | D:10     | Killed Urug
  8315 | Lair:1   | Entered Level 1 of the Lair of Beasts
  8367 | Lair:1   | Reached skill level 9 in Fighting
  8513 | Lair:1   | Received a gift from Okawaru
  8513 | Lair:1   | Reached skill level 6 in Armour
  9022 | Lair:1   | Noticed an oklob plant
  9600 | Lair:2   | Noticed Fannar
  9619 | Lair:2   | Killed Fannar
  9619 | Lair:2   | Reached skill level 6 in Evocations
  9788 | Lair:2   | Found a staircase to the Snake Pit.
  9794 | Lair:2   | Found a staircase to the Swamp.
  9811 | Lair:2   | HP: 24/115 [tyrant leech (30)]
  9816 | Lair:2   | HP: 14/115 [tyrant leech (13)]
 10092 | Lair:2   | Noticed a four-headed hydra
 10097 | Lair:2   | Killed a four-headed hydra
 10097 | Lair:2   | Received a gift from Okawaru
 10111 | Lair:2   | Reached skill level 7 in Armour
 10656 | Lair:3   | Noticed a death yak
 10761 | Lair:3   | HP: 29/117 [porcupine (5)]
 10762 | Lair:3   | HP: 13/117 [spiny frog (13)]
 10763 | Lair:3   | Mangled by a spiny frog

Vault maps used:
D:1:      dpeg_arrival_lava_altar, evilmike_ruin_ashenzari
D:3:      nicolae_dithmenos_shadow_blocks, minmay_misc_feat_plants,
          uniq_natasha, uniq_sigmund, uniq_crazy_yiuf_cottage, uniq_terence
D:4:      first_ration, corexii_leaking_fountain
D:5:      minmay_checkerbox
D:6:      lemuel_coloured_pillars_altar
D:7:      dancing_weapons_uskayaw, temple_doors_e, grunt_livestock,
          makhleb_heckhound_becter
D:8:      nicolae_qazlal_eye_of_the_storm, uniq_erica
D:9:      kennysheep_little_box, kennysheep_generic_room_3
D:10:     erik_lair_dragon, roderic_serpentine_path, uniq_urug
Temple:   minmay_temple_bridge_d
Lair:1:   minmay_lair_oklob_tunnel, st_stairs_9, grunt_megastairs_1
Lair:2:   minmay_swamp_entry_worms, dummy_snake_entry, grunt_megastairs_4,
          uniq_fannar
Lair:3:   special_room

Skill      XL: |  1  2  3  4  5  6  7  8  9 10 11 |
---------------+----------------------------------+-----
Unarmed Combat | 4 5 6 8 10 | 10.7
Fighting       | 3 4 5 6 7 8 9 |  9.8
Armour         | 3 5 7 |  7.1
Evocations     | 2 4 6 |  6.4
Dodging        | |  2.4
Stealth        | |  1.0

Action                   |  1- 3 |  4- 6 |  7- 9 | 10-12 || total
-------------------------+-------+-------+-------+-------++-------
Melee: Unarmed           |    62 |    95 |   277 |   316 ||   750
       Punch             |     2 |     3 |     7 |    19 ||    31
Throw: Large rock        |       |       |     5 |     6 ||    11
Invok: Heroism           |       |       |     1 |     4 ||     5
Evoke: Wand              |       |       |       |     3 ||     3
  Use: Potion            |       |     1 |       |       ||     1
       Scroll            |       |       |       |     6 ||     6
 Stab: Sleeping          |     2 |     1 |     5 |     3 ||    11
       Distracted        |     1 |       |       |       ||     1
  Eat: Chunk             |    15 |     6 |    34 |    44 ||    99
Armor: Robe              |    17 |    21 |    79 |    95 ||   212
       Skin              |       |    15 |       |       ||    15
Dodge: Dodged            |    32 |    36 |   117 |   165 ||   350

Table legend:
 A = Spawn XP
 B = Non-spawn XP
 C = Spawn XP percentage of total XP
 D = Spawn monster count
 E = Non-spawn monster count
 F = Spawn count percentage of total count
 G = Total turns spent on level
                    A         B        C        D         E        F      G
               +---------+---------+-------+---------+---------+-------+---------
         Total |       0 |   20253 |   0.0 |       0 |     247 |   0.0 | 10763
               +---------+---------+-------+---------+---------+-------+---------
           D:1 |       0 |      26 |   0.0 |       0 |      16 |   0.0 |   696
           D:2 |       0 |      90 |   0.0 |       0 |      19 |   0.0 |   431
           D:3 |       0 |     687 |   0.0 |       0 |      44 |   0.0 |   879
           D:4 |       0 |     211 |   0.0 |       0 |      14 |   0.0 |   650
           D:5 |       0 |     751 |   0.0 |       0 |      24 |   0.0 |   781
           D:6 |       0 |     321 |   0.0 |       0 |       5 |   0.0 |   474
           D:7 |       0 |    1552 |   0.0 |       0 |      22 |   0.0 |   940
           D:8 |       0 |     755 |   0.0 |       0 |      16 |   0.0 |   807
           D:9 |       0 |    3564 |   0.0 |       0 |      20 |   0.0 |  1055
          D:10 |       0 |    4683 |   0.0 |       0 |      32 |   0.0 |  1434
        Lair:1 |       0 |    3689 |   0.0 |       0 |      21 |   0.0 |  1334
        Lair:2 |       0 |    3431 |   0.0 |       0 |      10 |   0.0 |   997
        Lair:3 |       0 |     493 |   0.0 |       0 |       4 |   0.0 |   117
               +---------+---------+-------+---------+---------+-------+---------

Vault maps used:
D:1:      dpeg_arrival_lava_altar, evilmike_ruin_ashenzari
D:3:      nicolae_dithmenos_shadow_blocks, minmay_misc_feat_plants,
          uniq_natasha, uniq_sigmund, uniq_crazy_yiuf_cottage, uniq_terence
D:4:      first_ration, corexii_leaking_fountain
D:5:      minmay_checkerbox
D:6:      lemuel_coloured_pillars_altar
D:7:      dancing_weapons_uskayaw, temple_doors_e, grunt_livestock,
          makhleb_heckhound_becter
D:8:      nicolae_qazlal_eye_of_the_storm, uniq_erica
D:9:      kennysheep_little_box, kennysheep_generic_room_3
D:10:     erik_lair_dragon, roderic_serpentine_path, uniq_urug
Temple:   minmay_temple_bridge_d
Lair:1:   minmay_lair_oklob_tunnel, st_stairs_9, grunt_megastairs_1
Lair:2:   minmay_swamp_entry_worms, dummy_snake_entry, grunt_megastairs_4,
          uniq_fannar
Lair:3:   special_room

Table legend:
 A = Turns spent in this place as a percentage of turns spent in the entire game.
 B = Non-inter-level travel turns spent in this place as a percentage of non-inter-level travel turns spent in the entire game.
 C = Inter-level travel turns spent in this place as a percentage of turns spent in this place.
 D = Turns resting spent in this place as a percentage of non-inter-level travel turns spent in this place.
 E = Turns spent auto-exploring this place as a percentage of non-inter-level travel turns spent in this place.
 F = Non-inter-level travel turns spent in this place divided by the number of levels of this place that you've seen.
                   A       B       C       D       E      F
               +-------+-------+-------+-------+-------+----------------------
         Total | 100.0 | 100.0 |   5.2 |  16.8 |  65.7 | 728.8
       Dungeon |  75.7 |  76.0 |   4.9 |  16.3 |  64.8 | 775.0
        Temple |   1.6 |   0.7 |  58.9 |   0.0 |  97.1 |  69.0
          Lair |  22.7 |  23.4 |   2.6 |  18.8 |  67.5 | 794.7
               +-------+-------+-------+-------+-------+----------------------

Table legend:
 A = Kills in this place as a percentage of kills in entire the game.
 B = Kills by you in this place as a percentage of kills by you in the entire game.
 C = Kills by friends in this place as a percentage of kills by friends in the entire game.
 D = Other kills in this place as a percentage of other kills in the entire game.
 E = Experience gained in this place as a percentage of experience gained in the entire game.
 F = Experience gained in this place divided by the number of levels of this place that you have seen.
                   A       B       C       D       E      F
               +-------+-------+-------+-------+-------+----------------------
         Total | 100.0 | 100.0 |   N/A |   N/A | 100.0 | 1446.6
       Dungeon |  85.8 |  85.8 |   N/A |   N/A |  62.4 | 1264.0
          Lair |  14.2 |  14.2 |   N/A |   N/A |  37.6 | 2537.7
               +-------+-------+-------+-------+-------+----------------------
